 Dungeon Crawl Stone Soup version 0.27.0-1-g7a089689b8 (webtiles) character file.

Game seed: 81999205568784048

4649 pkoi the Grappler (level 10, -6/138 HPs)
             Began as a Troll Monk on Aug 6, 2021.
             Was a Follower of Ashenzari.
             Mangled by a two-headed ogre (28 damage)
             ... on level 9 of the Dungeon.
             The game lasted 00:11:05 (5622 turns).

pkoi the Grappler (Troll Monk)                      Turns: 5622, Time: 00:11:05

Health: -6/138     AC:  8    Str: 24    XL:     10   Next: 20%
Magic:  9/9        EV: 11    Int:  6    God:    Ashenzari [*.....]
Gold:   344        SH:  0    Dex: 18    Spells: 9/9 levels left

rFire    . . .     SeeInvis .     - Unarmed
rCold    . . .     Faith    .   (no shield)
rNeg     . . .     Spirit   .   r - +0 troll leather armour
rPois    .         Reflect  .   (helmet restricted)
rElec    .         Harm     .   m - +0 cloak
rCorr    .         Rampage  .   (gloves unavailable)
Will     +....                  (boots unavailable)
Stlth    ..........             f - amulet of the Cursed Black Moon {Regen+, Self, Melee} (curse)
HPRegen  3.33/turn              h - ring "Sybil of Ashenzari" {Will+, Cun, Self} (curse)
MPRegen  0.11/turn              a - +6 ring of dexterity

@: berserking, very quick
A: large, unfitting armour, claws 3, regeneration 1, shaggy fur 1, tough skin 1
a: Renounce Religion, Shatter the Chains


You were on level 9 of the Dungeon.
You worshipped Ashenzari.
Ashenzari was aware of your devotion.
You visited 2 branches of the dungeon, and saw 10 of its levels.

You collected 436 gold pieces.
You spent 92 gold pieces at shops.

Inventory:

Missiles
 g - 29 poisoned darts (quivered)
Armour
 i - a +1 robe of willpower
 m - a +0 cloak (worn)
 r - a +0 troll leather armour (worn)
Jewellery
 a - a +6 ring of dexterity (right claw)
 f - the cursed amulet of the Cursed Black Moon (around neck) {Regen+, Self, Melee}
   (You found it on level 2 of the Dungeon)

   [amulet of regeneration]

   Regen:     It increases your rate of health regeneration.
   It has a curse which improves the following skills: Introspection: Fighting
   and Spellcasting.
   Melee Combat: Short Blades, Long Blades, Axes, Maces & Flails, Polearms,
   Staves and Unarmed Combat.
 h - the cursed ring "Sybil of Ashenzari" (left claw) {Will+, Cun, Self}
   (You found it on level 3 of the Dungeon)

   [ring of willpower]

   Will:      It increases your willpower.
   It has a curse which improves the following skills: Cunning: Dodging and
   Stealth.
   Introspection: Fighting and Spellcasting.
 p - a ring of resist corrosion
Wands
 k - a wand of iceblast (9)
 l - a wand of digging (6)
 t - a wand of flame (37)
 v - a wand of polymorph (11)
 x - a wand of acid (5)
 A - a wand of mindburst (11)
Scrolls
 b - 2 scrolls of enchant armour
 c - 2 scrolls of amnesia
 e - 5 scrolls of enchant weapon
 j - a scroll of teleportation
 s - a scroll of magic mapping
 u - a scroll of blinking
 y - a scroll of summoning
Potions
 d - 3 potions of magic
 n - a potion of berserk rage
 o - 2 potions of curing
 q - 3 potions of heal wounds
 w - a potion of flight
 z - a potion of invisibility


   Skills:
 - Level 2.4(3.7) Fighting
 + Level 4.9 Armour
 - Level 2.4(3.2) Dodging
 - Level 1.0(1.6) Stealth
 + Level 13.5(14.3) Unarmed Combat


You had 9 spell levels left.
You didn't know any spells.
Your spell library contained the following spells:

 Spells                   Type           Power      Damage    Failure   Level
 Magic Dart               Conj           0%         1d3       50%         1
 Ensorcelled Hibernation  Hex/Ice        0%         N/A       63%         2
 Searing Ray              Conj           0%         3d3       63%         2
 Slow                     Hex            0%         N/A       63%         2
 Confusing Touch          Hex            0%         N/A       86%         3
 Spider Form              Tmut/Pois      0%         N/A       86%         3
 Animate Armour           Summ/Erth      0%         N/A       99%         4
 Fulminant Prism          Conj/Hex       0%         3d6       99%         4
 Blade Hands              Tmut           0%         N/A       100%        5
 Yara's Violent Unravell  Hex/Tmut       0%         3d3       100%        5
 Iron Shot                Conj/Erth      0%         9d1       100%        6
 Shadow Creatures         Summ           N/A        N/A       100%        6


Dungeon Overview and Level Annotations

Branches:
Dungeon (9/15)             Temple (1/1) D:4
   Lair: D:8-11         Orc: D:9-12

Altars:
Ashenzari
Cheibriados
Dithmenos
Elyvilon
Fedhas
Gozag
Hepliaklqana
Kikubaaqudgha
Makhleb
Nemelex Xobeh
Okawaru
Qazlal
Ru
Sif Muna
Trog
Uskayaw
Vehumet
Wu Jian
Xom
Yredelemnul
Zin
The Shining One

Shops:
D:2 (   D:3 [   D:8 (

Annotations:
D:3 2 transporters


Innate Abilities, Weirdness & Mutations

You are too large for most types of armour.
You have claws for hands.
Your natural rate of healing is unusually fast.
You are covered in fur. (AC +1)
You have tough skin. (AC +1)


Message History

There are monsters nearby!
The centaur shouts!
The centaur wields a +0 shortbow.
The centaur shoots an arrow.
The arrow closely misses you.
The centaur shoots an arrow.
The arrow misses you.
The centaur unwields a +0 shortbow.
The centaur closely misses you. The centaur misses you.
You mangle the centaur!!
You kill the centaur!
The two-headed ogre hits you with a +0 giant club!!
The two-headed ogre hits you with a +0 giant club!
You closely miss the two-headed ogre.
The two-headed ogre hits you with a +0 giant club!!
The two-headed ogre closely misses you.
You are too injured to fight recklessly!
You are too injured to fight recklessly!
You are too injured to fight recklessly!
You are too injured to fight recklessly!
You are too injured to fight recklessly!
You are too injured to fight recklessly!
You are too injured to fight recklessly!
You are too injured to fight recklessly!
You are too injured to fight recklessly!
You are too injured to fight recklessly!
You are too injured to fight recklessly!
You are too injured to fight recklessly!
You are too injured to fight recklessly!
You are too injured to fight recklessly!
You claw the two-headed ogre!
The two-headed ogre is lightly wounded.
You mangle the two-headed ogre!!
The two-headed ogre is severely wounded.
The two-headed ogre barely misses you.
The two-headed ogre hits you with a +0 giant club!!
* * * LOW HITPOINT WARNING * * *
A red film seems to cover your vision as you go berserk!
You feel yourself moving faster!
You feel mighty! The two-headed ogre barely misses you.
The two-headed ogre hits you with a +0 giant club!!
You die...

.. .##.# ....###
##...#.#
.......##.>)...##
...........# ...
...........##..#
............##)#
...............##
..........##..@.#..
.......<.......O...#
....................#
.........>...........#
................##..##
.................#.##
.................# .
................... #
................##.


You could see a two-headed ogre.

Vanquished Creatures
  Joseph (D:8)
  A komodo dragon (D:7)
  Psyche (D:8)
  A troll (D:7)
  A steam dragon (D:8)
  Menkaure (D:6)
  Grum (D:8)
  4 vampire mosquitoes
  Duvessa (D:4)
  An acid dragon (D:8)
  An orc warrior (D:8)
  A sky beast (D:8)
  An ice beast (D:5)
  An ogre (D:2)
  2 necrophages
  2 centaurs
  3 wolves
  2 kobold brigands
  3 bullfrogs
  2 scorpions (D:5)
  A wyvern skeleton (D:7)
  Dowan (D:4)
  3 wights
  3 howler monkeys (D:7)
  A bullfrog zombie (D:6)
  2 centaur zombies
  A hound (D:5)
  Crazy Yiuf (D:3)
  4 orc priests
  5 orc wizards
  Ijyb (D:3)
  6 iguanas
  A hound skeleton (D:4)
  4 gnolls (D:5)
  2 adders
  A white imp (D:7)
  3 ufetubi
  2 adder skeletons
  2 worms
  2 dart slugs
  16 orcs
  4 ball pythons
  5 bats
  A bat skeleton (D:2)
  9 endoplasms
  2 giant cockroaches
  10 goblins
  2 hobgoblins
  7 jackals
  3 quokkas
  5 frilled lizards
  A giant cockroach zombie (D:2)
  19 kobolds
  5 rats
  A butterfly (D:4)
167 creatures vanquished.

Vanquished Creatures (others)
  A kobold (D:8)
  6 plants (D:7)
7 creatures vanquished.

Grand Total: 174 creatures vanquished

Notes
Turn   | Place    | Note
-------+----------+-------------------------------------------
     0 | D:1      | pkoi the Troll Monk began the quest for the Orb.
     0 | D:1      | Reached XP level 1. HP: 22/22 MP: 0/0
   238 | D:1      | Reached XP level 2. HP: 25/29 MP: 1/1
   250 | D:1      | Found a faded altar of an unknown god.
   428 | D:1      | Reached skill level 4 in Unarmed Combat
   772 | D:1      | Reached XP level 3. HP: 36/36 MP: 2/2
  1125 | D:2      | Noticed an ogre
  1132 | D:2      | Killed an ogre
  1133 | D:2      | Reached skill level 5 in Unarmed Combat
  1133 | D:2      | Reached XP level 4. HP: 31/44 MP: 3/3
  1161 | D:2      | Reached XP level 5. HP: 50/50 MP: 4/4
  1287 | D:2      | Found Hintinop's Antique Weapon Emporium.
  1568 | D:3      | Found Qusu's Antique Armour Emporium.
  1576 | D:3      | Bought an embroidered robe for 92 gold pieces
  1835 | D:3      | Found a transporter.
  1854 | D:3      | Found a transporter.
  1893 | D:3      | Noticed a kobold demonologist
  1910 | D:3      | Reached skill level 6 in Unarmed Combat
  2026 | D:3      | Found a runed translucent door.
  2027 | D:3      | Noticed Crazy Yiuf
  2178 | D:3      | Found a sacrificial altar of Ru.
  2184 | D:3      | Found a stormy altar of Qazlal.
  2184 | D:3      | Found a snail-covered altar of Cheibriados.
  2186 | D:3      | Noticed Ijyb
  2197 | D:3      | Killed Ijyb
  2304 | D:3      | Killed Crazy Yiuf
  2403 | D:4      | Found a staircase to the Ecumenical Temple.
  2423 | Temple   | Entered the Ecumenical Temple
  2442 | Temple   | Became a worshipper of Ashenzari the Shackled
  2483 | D:4      | Noticed Duvessa
  2484 | D:4      | Noticed Dowan
  2517 | D:4      | Killed Dowan
  2518 | D:4      | Reached skill level 7 in Unarmed Combat
  2518 | D:4      | Reached XP level 6. HP: 55/59 MP: 5/5
  2582 | D:4      | Killed Duvessa
  2800 | D:4      | Found the +10 tower shield of Ignorance {rN+ Int-4}
  2866 | D:4      | Reached skill level 8 in Unarmed Combat
  2866 | D:4      | Reached XP level 7. HP: 66/66 MP: 6/6
  2979 | D:5      | Entered Level 5 of the Dungeon
  3088 | D:5      | Found a burning altar of Makhleb.
  3090 | D:5      | Found a basalt altar of Yredelemnul.
  3091 | D:5      | Found an ornate altar of the Wu Jian Council.
  3091 | D:5      | Found a shadowy altar of Dithmenos.
  3092 | D:5      | Found a bloodstained altar of Trog.
  3092 | D:5      | Found a radiant altar of Vehumet.
  3246 | D:5      | Reached skill level 9 in Unarmed Combat
  3682 | D:6      | Reached XP level 8. HP: 74/74 MP: 7/7
  3709 | D:6      | Reached skill level 10 in Unarmed Combat
  4057 | D:6      | Found a blossoming altar of Fedhas.
  4227 | D:7      | Noticed Menkaure
  4239 | D:6      | Killed Menkaure
  4357 | D:7      | Found an ancient bone altar of Kikubaaqudgha.
  4376 | D:7      | Reached skill level 11 in Unarmed Combat
  4456 | D:7      | Noticed a troll
  4464 | D:7      | Killed a troll
  4621 | D:7      | Noticed a komodo dragon
  4631 | D:7      | Reached XP level 9. HP: 73/80 MP: 8/8
  4638 | D:7      | Killed a komodo dragon
  4639 | D:7      | Reached skill level 12 in Unarmed Combat
  4830 | D:8      | Noticed Grum
  4915 | D:8      | Reached skill level 1 in Armour
  5061 | D:8      | Killed Grum
  5120 | D:7      | Reached skill level 13 in Unarmed Combat
  5187 | D:8      | Noticed Joseph
  5210 | D:8      | Killed Joseph
  5233 | D:8      | Found Xuraes's Weapon Emporium.
  5261 | D:8      | Reached * piety under Ashenzari
  5348 | D:8      | Reached XP level 10. HP: 90/92 MP: 9/9
  5371 | D:8      | Noticed Psyche
  5377 | D:8      | Killed Psyche
  5614 | D:9      | Noticed a two-headed ogre
  5622 | D:9      | Mangled by a two-headed ogre

Illustrated notes

Levels and vault maps discovered:
D:1:      ncdulo_watergridlock, layout_basic,
          chequers_ecumenical_altar_simple_redux
D:2:      layout_rooms, serial_shops, nicolae_square_shop, serial_undead,
          serial_undead_e, serial_undead_c, serial_undead_a, serial_undead_f
D:3:      gammafunk_wand_slinger, layout_loops_ring, minitemple, serial_shops,
          nicolae_shop_stone, uniq_crazy_yiuf_cottage, uniq_ijyb
D:4:      layout_basic, minmay_temple_entry_butterflies, uniq_duvessa
D:5:      layout_basic, grunt_temple_overflow_open
D:6:      layout_basic, nicolae_overflow_hidden_temple, serial_bayou_pond_d
D:7:      layout_rooms, mainiacjoe_overflow_24_doors, minmay_lizard_king,
          uniq_menkaure
D:8:      layout_layer_cave, serial_shops, nicolae_diamond_shop, hex_medium,
          uniq_grum, uniq_joseph, uniq_psyche
D:9:      layout_cave_pools, kennysheep_orc_monster_closet_entryway,
          serial_shops, shop_statue
Temple:   minmay_freezing_vapour_temple

Skill      XL: |  1  2  3  4  5  6  7  8  9 |
---------------+----------------------------+-----
Unarmed Combat | 4 5 7 8 9 11 13 | 13.5
Armour         | 4 |  4.9
Fighting       | |  2.4
Dodging        | |  2.4
Stealth        | |  1.0

Action                   |  1- 3 |  4- 6 |  7- 9 | 10-12 || total
-------------------------+-------+-------+-------+-------++-------
Melee: Unarmed           |    51 |   146 |   231 |    28 ||   456
       Punch             |       |     1 |    13 |     3 ||    17
Invok: Curse Item        |       |       |     2 |       ||     2
  Use: Scroll            |     2 |       |     1 |       ||     3
       Potion            |       |     1 |     2 |     1 ||     4
 Stab: Sleeping          |     5 |     3 |     2 |       ||    10
       Distracted        |       |     1 |       |       ||     1
Armor: Robe              |    17 |    50 |    44 |       ||   111
       Troll leather arm |       |       |    39 |     7 ||    46
Dodge: Dodged            |    18 |    61 |   118 |    13 ||   210
